 Dungeon Crawl Stone Soup version 0.28.0-45-g0d030f2227 (webtiles) character file.

Game seed: 3322672084699135220

28450 pkoi the Frost Mage (level 12, 0/96 HPs)
             Began as a Demigod Ice Elementalist on Apr 14, 2022.
             Slain by Snorg (8 damage)
             ... on level 4 of the Lair of Beasts.
             The game lasted 00:42:55 (20991 turns).

pkoi the Frost Mage (Demigod Ice Elementalist)     Turns: 20991, Time: 00:42:56

Health: 0/96       AC:  6    Str: 13    XL:     12   Next: 76%
Magic:  21/28      EV: 14    Int: 33    God:
Gold:   232        SH:  5    Dex: 14    Spells: 18/27 levels left

rFire   + + +      SeeInvis .   K - +0 longbow
rCold   + + +      Faith    .   (shield currently unavailable)
rNeg    . . .      Spirit   .   a - +1 robe
rPois   .          Reflect  +   (no helmet)
rElec   .          Harm     .   E - scarf {rC+ rF+}
rCorr   .          Rampage  .   I - +1 pair of gloves "Uwur" {Drain rF++ Regen+ Str+4}
Will    +....                   p - +0 pair of boots
Stlth   ++........              v - amulet of reflection
HPRegen 1.06/turn               D - ring of ice
MPRegen 0.21/turn               H - ring of the Clam {Wiz rF+ rC+ Slay+3}

@: lethally poisoned (0 -> -1), freezing walls
A: high MP 1, forlorn, divine attributes
a: no special abilities


You were on level 4 of the Lair of Beasts.
You visited 3 branches of the dungeon, and saw 13 of its levels.

You collected 636 gold pieces.
You spent 404 gold pieces at shops.

Inventory:

Hand Weapons
 c - a +0 club
 j - a +0 rapier of venom
 k - a +4 whip of flaming
 K - a +0 longbow (weapon)
Missiles
 b - 12 poisoned darts
 s - a throwing net
 y - a curare-tipped dart
 M - 86 arrows (quivered ammo)
Armour
 a - a +1 robe (worn)
 p - a +0 pair of boots (worn)
 t - a +1 cloak of preservation
 E - a scarf of resistance (worn)
 I - the +1 pair of gloves "Uwur" (worn) {Drain rF++ Regen+ Str+4}
   (You bought it in a shop on level 7 of the Dungeon)

   Str:       It affects your strength (+4).
   rF:        It greatly protects you from fire.
   Regen:     It increases your rate of health regeneration.
   Drain:     It drains your maximum health when unequipped.
Magical Staves
 w - a staff of cold
Jewellery
 f - an amulet of the acrobat
 m - a +4 ring of protection
 v - an amulet of reflection (around neck)
 D - a ring of ice (left hand)
 H - the ring of the Clam (right hand) {Wiz rF+ rC+ Slay+3}
   (You acquired it on level 1 of the Lair of Beasts)

   [ring of wizardry]

   It improves your spell success rate.
   Slay:      It affects your accuracy & damage with ranged weapons and melee
   (+3).
   rF:        It protects you from fire.
   rC:        It protects you from cold.
Wands
 r - a wand of polymorph (11)
 x - a wand of flame (42)
 B - a wand of charming (15)
 F - a wand of iceblast (17)
 L - a wand of acid (3)
 N - a wand of paralysis (5)
Scrolls
 h - a scroll of magic mapping
 o - a scroll of fog
 q - a scroll of enchant armour
 A - a scroll of identify
 O - a scroll of silence
Potions
 d - 8 potions of curing {unknown}
 e - a potion of cancellation
 g - 3 potions of ambrosia {unknown}
 i - 2 potions of haste
 l - 3 potions of heal wounds
 n - 2 potions of invisibility {unknown}
 u - 2 potions of flight
 z - 4 potions of lignification {unknown}
 C - a potion of resistance
 G - 2 potions of might {unknown}
 J - a potion of berserk rage


   Skills:
 - Level 6.0 Fighting
 - Level 7.0 Maces & Flails
 * Level 6.8 Bows
 - Level 6.0 Dodging
 - Level 1.7 Stealth
 + Level 8.0 Spellcasting
 - Level 6.0 Conjurations
 - Level 2.0 Translocations
 + Level 12.3 Ice Magic
 - Level 3.0 Evocations


You had 18 spell levels left.
You knew the following spells:

 Your Spells              Type           Power      Damage    Failure   Level
a - Freeze                Ice            100%       1d11      0%          1
b - Frozen Ramparts       Ice            100%       1d12      1%          3
c - Apportation           Tloc           52%        N/A       1%          1
d - Hailstorm             Conj/Ice       84%        3d17      1%          4

Your spell library contained the following spells:

 Spells                   Type           Power      Damage    Failure   Level
 Animate Skeleton         Necr           26%        N/A       1%          1
 Summon Small Mammal      Summ           52%        N/A       1%          1
 Ozocubu's Armour         Ice            97%        N/A       1%          3
 Ice Form                 Ice/Tmut       69%        N/A       1%          4
 Corpse Rot               Necr/Air       26%        N/A       2%          2
 Confusing Touch          Hex            13%        N/A       4%          3
 Dispel Undead            Necr           13%        3d9       14%         4
 Simulacrum               Ice/Necr       34%        N/A       16%         6
 Yara's Violent Unravell  Hex/Tmut       6%         3d5       34%         5
 Death Channel            Necr           6%         N/A       88%         6
 Enfeeble                 Hex            6%         N/A       100%        7


Dungeon Overview and Level Annotations

Branches:
Dungeon (8/15)             Temple (1/1) D:6            Lair (4/6) D:8
  Swamp (0/4) Lair:2        Snake (0/4) Lair:3

Shops:
D:4 =   D:7 [

Annotations:
Lair:1 exclusion: oklob plant
Lair:4 exclusion: oklob plant, Snorg


Innate Abilities, Weirdness & Mutations

You have an increased reservoir of magic. (+10% MP)
You shall have no god before yourself.
Your divine heritage dramatically boosts your attributes as you level up.


Message History

Aim: Snorg (moderately wounded, 66% to hit)
You shoot an arrow. The arrow barely misses Snorg.
You feel sick.
The wall freezes Snorg.
Snorg misses you. Snorg claws you.
* * * LOW HITPOINT WARNING * * *
You block Snorg's attack.
The wall freezes Snorg!
Snorg bites you.
* * * LOW HITPOINT WARNING * * *
Snorg completely misses you. You block Snorg's attack.
Fire: 89 arrows
Press: ? - help, Q - select action, (/) - cycle Shift-Dir - straight line, f/p - Snorg
Aim: Snorg (moderately wounded, 66% to hit)
You shoot an arrow. The arrow hits Snorg!
Snorg is heavily wounded.
You feel sick.
The wall freezes Snorg!
Snorg barely misses you. Snorg misses you. You block Snorg's attack.
Fire: 88 arrows
Press: ? - help, Q - select action, (/) - cycle Shift-Dir - straight line, f/p - Snorg
Aim: Snorg (heavily wounded, 66% to hit)
You shoot an arrow. The arrow barely misses Snorg.
You feel sick.
The wall freezes Snorg!
Snorg goes berserk!
The wall freezes Snorg.
Snorg bites you!!
* * * LOW HITPOINT WARNING * * *
Snorg claws you!
* * * LOW HITPOINT WARNING * * *
Snorg claws you!
* * * LOW HITPOINT WARNING * * *
Fire: 87 arrows
Press: ? - help, Q - select action, (/) - cycle Shift-Dir - straight line, f/p - Snorg
Aim: Snorg (severely wounded, berserk, 66% to hit)
You shoot an arrow. The arrow hits Snorg.
Snorg is severely wounded.
You feel sick.
The wall freezes Snorg!
Snorg completely misses you. Snorg claws you.
* * * LOW HITPOINT WARNING * * *
You block Snorg's attack.
Aiming: Corrosive Bolt
Press: ? - help, Shift-Dir - straight line, f/p - Snorg
Aim: Snorg (severely wounded, berserk, 74% to hit)
The bolt of acid misses Snorg.
You feel sick.
The wall freezes Snorg!
Snorg bites you!
You die... ....... ....(.. ....... ##.(..... # #........ #.... ##.......> #.©.###...<..... .#####.(T..#..?.. ...©...@#### #PP

#.....#.# #.#.###.##
#######.###..# #
##P.##.#.##...#.###
##........##......P#
#.....#..............
#....###........#.#..
##....#P......P###...


You could see Snorg (berserk).

Vanquished Creatures
  5 hydras
  8 death yaks
  Urug (Lair:1)
  Nergalle (Lair:1)
  A bog body (Lair:2)
  3 elephants (Lair:4)
  A torpor snail (Lair:4)
  2 black mambas
  9 cane toads
  A guardian serpent (Lair:3)
  10 komodo dragons
  Maggie (D:6)
  A kobold demonologist (D:4)
  A polar bear (Lair:1)
  Prince Ribbit (D:7)
  9 blink frogs (Lair:2)
  2 wyverns
  A vampire (D:8)
  25 yaks
  4 basilisks
  2 swamp worms (Lair:2)
  6 water moccasins
  An ice beast (D:5)
  4 black bears
  A sky beast (D:6)
  A necrophage (D:6)
  3 wolves (Lair:3)
  3 centaurs
  A phantom (D:5)
  A kobold brigand (D:4)
  Blork the orc (D:6)
  7 bullfrogs
  A gnoll sergeant (D:8)
  A wyvern zombie (D:8)
  A scorpion (D:6)
  A wyvern skeleton (D:7)
  A water moccasin skeleton (D:6)
  10 wights
  5 howler monkeys
  An electric eel (Lair:2)
  2 centaur zombies
  A jelly (D:6)
  A gnoll shaman (D:5)
  2 orc priests
  2 iguanas
  3 orc wizards
  2 killer bee zombies
  11 gnolls
  A howler monkey skeleton (D:6)
  5 adders
  2 ufetubi
  A worm (D:3)
  A dart slug (D:1)
  28 orcs
  2 ball pythons
  7 endoplasms
  5 giant cockroaches
  11 goblins
  11 hobgoblins
  10 jackals
  9 kobolds
  3 quokkas
  A bat (D:3)
  6 frilled lizards
266 creatures vanquished.

Vanquished Creatures (collateral kills)
  A catoblepas (Lair:4)
1 creature vanquished.

Vanquished Creatures (others)
  21 fungi
  30 plants
51 creatures vanquished.

Grand Total: 318 creatures vanquished

Notes
Turn   | Place    | Note
-------+----------+-------------------------------------------
     0 | D:1      | pkoi the Demigod Ice Elementalist began the quest for the
                  | Orb.
     0 | D:1      | Reached XP level 1. HP: 14/14 MP: 5/5
   192 | D:1      | Reached skill level 4 in Ice Magic
   213 | D:1      | Reached XP level 2. HP: 17/20 MP: 1/7
  1912 | D:1      | Reached XP level 3. HP: 20/26 MP: 4/8
  1980 | D:1      | Learned a level 3 spell: Frozen Ramparts
  3054 | D:2      | Reached skill level 5 in Ice Magic
  3181 | D:2      | Reached XP level 4. HP: 12/33 MP: 5/9
  3815 | D:3      | Reached skill level 6 in Ice Magic
  3834 | D:3      | Reached XP level 5. HP: 29/38 MP: 4/10
  4732 | D:4      | Found Equke's Jewellery Shop.
  4783 | D:4      | Noticed a black bear
  4789 | D:4      | Killed a black bear
  4790 | D:4      | Reached skill level 7 in Ice Magic
  4790 | D:4      | Reached XP level 6. HP: 43/45 MP: 5/11
  5351 | D:5      | Entered Level 5 of the Dungeon
  5419 | D:5      | Noticed a kobold demonologist
  5422 | D:5      | Noticed a red devil
  5462 | D:4      | Noticed a hellwing
  5467 | D:4      | Killed a kobold demonologist
  5468 | D:4      | Reached skill level 8 in Ice Magic
  5468 | D:4      | Reached XP level 7. HP: 44/50 MP: 5/12
  6423 | D:5      | Reached skill level 9 in Ice Magic
  6938 | D:5      | Reached skill level 1 in Fighting
  7148 | D:6      | Reached XP level 8. HP: 53/59 MP: 14/14
  7221 | D:6      | Learned a level 1 spell: Apportation
  7226 | D:6      | Learned a level 4 spell: Hailstorm
  7335 | D:6      | Noticed Blork the orc
  7341 | D:6      | Reached skill level 1 in Maces & Flails
  7468 | D:6      | Killed Blork the orc
  7469 | D:6      | Reached skill level 1 in Conjurations
  7469 | D:6      | Reached skill level 1 in Translocations
  7665 | D:6      | Found a staircase to the Ecumenical Temple.
  7674 | Temple   | Entered the Ecumenical Temple
  7966 | D:6      | Noticed Maggie
  8438 | D:6      | Killed Maggie
  9028 | D:7      | Reached XP level 9. HP: 64/69 MP: 17/17
  9603 | D:7      | Noticed Prince Ribbit
  9619 | D:7      | Killed Prince Ribbit
  9690 | D:7      | Found Tyogonoph's Armour Emporium.
 10216 | D:8      | Found a staircase to the Lair.
 10313 | D:8      | Noticed an eight-headed hydra
 10322 | D:7      | Killed an eight-headed hydra
 10323 | D:7      | Reached skill level 10 in Ice Magic
 11936 | Lair:1   | Entered Level 1 of the Lair of Beasts
 12107 | Lair:1   | Identified a scroll of acquirement
 12107 | Lair:1   | Acquired the ring of the Clam {Wiz rF+ rC+ Slay+3}
 12126 | Lair:1   | Reached XP level 10. HP: 63/80 MP: 15/20
 12567 | D:7      | Bought the +1 pair of gloves "Uwur" {Drain rF++ Regen+
                  | Str+4} for 404 gold pieces
 12676 | Lair:1   | Noticed Urug
 12688 | Lair:1   | Killed Urug
 12689 | Lair:1   | Reached skill level 5 in Dodging
 13054 | Lair:1   | Reached skill level 5 in Fighting
 13243 | Lair:1   | Noticed Nergalle
 13257 | Lair:1   | Killed Nergalle
 13258 | Lair:1   | Reached skill level 5 in Spellcasting
 13432 | Lair:1   | Noticed an oklob plant
 13548 | Lair:1   | Reached skill level 5 in Maces & Flails
 13913 | Lair:2   | Noticed a black mamba
 13926 | Lair:2   | Killed a black mamba
 14157 | Lair:2   | Reached skill level 5 in Conjurations
 14546 | Lair:2   | Noticed a six-headed hydra
 14549 | Lair:2   | Noticed a six-headed hydra
 14668 | Lair:2   | Reached XP level 11. HP: 88/88 MP: 14/23
 15145 | Lair:2   | Reached skill level 1 in Evocations
 15445 | Lair:2   | Reached skill level 11 in Ice Magic
 15554 | Lair:2   | Killed a six-headed hydra
 15838 | Lair:2   | Killed a six-headed hydra
 16173 | Lair:2   | Noticed a bog body
 16859 | Lair:3   | Found a staircase to the Snake Pit.
 17778 | Lair:2   | Killed a bog body
 17856 | Lair:2   | Found a staircase to the Swamp.
 18030 | Lair:3   | Reached skill level 1 in Bows
 18623 | Lair:3   | Reached XP level 12. HP: 92/96 MP: 22/26
 18624 | Lair:3   | Noticed an eight-headed hydra
 18634 | Lair:3   | Killed an eight-headed hydra
 19798 | Lair:3   | Reached skill level 5 in Bows
 19906 | Lair:3   | Reached skill level 12 in Ice Magic
 19995 | Lair:4   | Noticed a four-headed hydra
 20004 | Lair:4   | Killed a four-headed hydra
 20832 | Lair:4   | Noticed a catoblepas
 20847 | Lair:4   | Killed a catoblepas
 20977 | Lair:4   | Noticed Snorg
 20991 | Lair:4   | Slain by Snorg

Illustrated notes

Levels and vault maps discovered:
D:1:      lightli_iron_boxes, layout_loops_cross
D:2:      cheibrodos_greedy_goblins, layout_rooms, serial_corexii_hall,
          chequers_hall_statues_wall_a, corexii_hall_statues_x,
          chequers_hall_statues_y, corexii_hall_statues_s,
          shapermc_ecumenical_altar_venn
D:3:      layout_rooms, dk_noncrumbling_3, kennysheep_generic_room_16
D:4:      layout_loops_corners, serial_shops, nicolae_shop_window_shopping
D:5:      layout_rooms, serial_rivers, chequers_serial_rivers_micro_b,
          chequers_serial_rivers_large_a, chequers_serial_rivers_room_b,
          chequers_serial_rivers_room_a, chequers_serial_rivers_micro_a
D:6:      layout_basic, minmay_temple_entry_antechambers, uniq_maggie,
          uniq_blork_the_orc
D:7:      layout_basic, serial_shops, nicolae_shop_advertising_works
          [nicolae_subvault_shop_adworks], uniq_prince_ribbit1
D:8:      layout_rooms, xom_butterflies, lair_entry_dummy
Temple:   nicolae_temple_the_god_donut
Lair:1:   layout_cave_pods, minmay_lair_oklob_items, columned_hall_lemuel,
          grunt_megastairs_2, uniq_urug, uniq_nergalle
Lair:2:   layout_chaotic_city, nicolae_swamp_entry_splash_gauntlet,
          beast_lair_carwin_4
Lair:3:   layout_cave_pods, minmay_snake_entry_spellcaster, basic_altar
Lair:4:   wad_woods_04, layout_gridlike, gammafunk_ghost_wrathful_warriors,
          uniq_snorg

Skill      XL: |  1  2  3  4  5  6  7  8  9 10 11 12 |
---------------+-------------------------------------+-----
Ice Magic      | 4 5 6 7 8 9 10 11 12 | 12.3
Dodging        | 2 3 4 5 6 |  6.0
Spellcasting   | 2 3 4 5 6 8 |  8.0
Fighting       | 1 3 4 5 6 |  6.0
Maces & Flails | 2 4 5 7 |  7.0
Conjurations   | 2 3 5 6 |  6.0
Translocations | 2 |  2.0
Evocations     | 3 |  3.0
Bows           | 2 6 |  6.8
Stealth        | |  1.7

Action                   |  1- 3 |  4- 6 |  7- 9 | 10-12 || total
-------------------------+-------+-------+-------+-------++-------
Melee: Club              |    13 |       |       |       ||    13
       Punch             |     1 |     1 |     4 |     3 ||     9
       Rapier            |    11 |     1 |       |       ||    12
       Whip              |       |    35 |   243 |    79 ||   357
       Staff             |       |     1 |     2 |       ||     3
 Fire: Longbow           |       |       |       |   117 ||   117
 Cast: Freeze            |    53 |    43 |    12 |   145 ||   253
       Frozen Ramparts   |     4 |     9 |    31 |    63 ||   107
       Hailstorm         |       |       |    14 |    22 ||    36
       Apportation       |       |       |       |     4 ||     4
Evoke: Wand              |       |       |       |     1 ||     1
  Use: Scroll            |       |     5 |    13 |     5 ||    23
       Potion            |       |     1 |     1 |       ||     2
 Stab: Sleeping          |       |     1 |     1 |       ||     2
Armor: Robe              |    14 |    35 |   163 |    34 ||   246
Dodge: Dodged            |    51 |    82 |   232 |   154 ||   519
Block: Other             |       |       |       |    25 ||    25
